 Dungeon Crawl Stone Soup version 0.28.0 (webtiles) character file.

Game seed: 12399381288895920917

41796 cbfl8 the Severer (level 13, -13/123 HPs)
             Began as a Minotaur Berserker on Feb 4, 2022.
             Was an Elder of Trog.
             Killed from afar by a shock serpent (14 damage)
             ... with a bolt of electricity
             ... on level 2 of the Snake Pit.
             The game lasted 00:51:30 (20927 turns).

cbfl8 the Severer (Minotaur Berserker)             Turns: 20927, Time: 00:51:30

Health: -13/123    AC: 28    Str: 24    XL:     13   Next: 82%
Magic:  12/12      EV: 13    Int:  8    God:    Trog [****..]
Gold:   1023       SH: 10    Dex:  9    Spells: 12/12 levels left

rFire   + . .      SeeInvis .   q - +5 war axe (elec)
rCold   . . .      Faith    .   O - +1 kite shield {reflect}
rNeg    . . .      Spirit   .   b - +6 chain mail {rF+}
rPois   .          Reflect  +   c - +2 hat
rElec   .          Harm     .   T - +0 cloak {Will+}
rCorr   .          Rampage  .   m - +2 pair of gloves
Will    +....                   S - +0 pair of boots {Fly}
Stlth   ..........              (no amulet)
HPRegen 0.30/turn               t - +4 ring of evasion
MPRegen 0.13/turn               u - +4 ring of slaying

@: flying, studying Ice Magic
A: horns 2, retaliatory headbutt
a: Renounce Religion, Berserk, Trog's Hand, Brothers in Arms


You were on level 2 of the Snake Pit.
You worshipped Trog.
Trog was greatly pleased with you.
You visited 5 branches of the dungeon, and saw 19 of its levels.

You collected 1023 gold pieces.

Inventory:

Hand Weapons
 q - a +5 war axe of electrocution (weapon)
 w - a +0 hand crossbow
 G - a +2 great sword
 H - a +3 spear
Missiles
 o - 146 sling bullets
 x - 110 bolts
Armour
 b - a +6 chain mail of fire resistance (worn)
 c - a +2 hat (worn)
 m - a +2 pair of gloves (worn)
 F - a +1 buckler
 O - a +1 kite shield of reflection (worn)
 S - a +0 pair of boots of flying (worn)
 T - a +0 cloak of willpower (worn)
Jewellery
 g - an amulet of magic regeneration
 t - a +4 ring of evasion (left hand)
 u - a +4 ring of slaying (right hand)
 V - a ring of fire
Wands
 a - a wand of paralysis (7)
 j - a wand of digging (9)
 v - a wand of acid (10)
 I - a wand of flame (12)
 N - a wand of polymorph (5)
 U - a wand of iceblast (11)
Scrolls
 f - a scroll of magic mapping {unknown}
 h - 4 scrolls of teleportation
 i - a scroll of enchant weapon
 k - 2 scrolls of blinking
 l - 2 scrolls of summoning
 n - a scroll of immolation {unknown}
 s - a scroll of brand weapon {unknown}
 y - a scroll of vulnerability {unknown}
 B - 4 scrolls of fear
 C - a scroll of noise {unknown}
 D - a scroll of holy word {unknown}
 E - a scroll of fog {unknown}
 Q - a scroll of amnesia {unknown}
Potions
 e - 7 potions of curing
 p - 2 potions of might
 r - 3 potions of attraction
 z - 4 potions of cancellation
 A - 3 potions of flight
 J - 2 potions of brilliance
 L - 3 potions of mutation
 M - a potion of resistance {unknown}
 P - 2 potions of haste {unknown}
 R - a potion of berserk rage {unknown}
Miscellaneous
 d - a lightning rod (4/4)
 K - a piece from Xom's chessboard (14/15)
 Z - a condenser vane


   Skills:
 + Level 13.8 Fighting
 + Level 17.5 Axes
 + Level 15.6 Armour
 + Level 6.2 Dodging
 + Level 3.0 Stealth
 + Level 7.4 Shields


You had 12 spell levels left.
You didn't know any spells.
Your spell library contained the following spells:

 Spells                   Type           Power      Damage    Failure   Level
 Shock                    Conj/Air       0%         1d3       99%         1
 Ensorcelled Hibernation  Hex/Ice        0%         N/A       100%        2
 Dazzling Flash           Conj/Hex       0%         N/A       100%        3
 Frozen Ramparts          Ice            0%         1d2       100%        3
 Spider Form              Tmut/Pois      0%         N/A       100%        3
 Anguish                  Hex/Necr       0%         N/A       100%        4
 Ice Form                 Ice/Tmut       0%         N/A       100%        4
 Olgreb's Toxic Radiance  Pois           0%         N/A       100%        4
 Petrify                  Tmut/Erth      0%         N/A       100%        4
 Summon Ice Beast         Ice/Summ       0%         N/A       100%        4
 Agony                    Necr           0%         N/A       100%        5
 Blade Hands              Tmut           0%         N/A       100%        5
 Manifold Assault         Tloc           0%         N/A       100%        5
 Silence                  Hex/Air        0%         N/A       100%        5
 Simulacrum               Ice/Necr       0%         N/A       100%        6
 Ozocubu's Refrigeration  Ice            0%         4d5       100%        7
 Ignition                 Fire           0%         3d3       100%        8
 Necromutation            Tmut/Necr      0%         N/A       100%        8


Dungeon Overview and Level Annotations

Branches:
Dungeon (12/15)            Temple (1/1) D:4            Lair (2/6) D:8
  Snake (2/4) Lair:2          Orc (2/2) D:9
  Swamp: Lair:2-4    Shoals: Lair:2-4       Elf: Orc:2

Altars:
Ashenzari
Cheibriados
Dithmenos
Elyvilon
Fedhas
Gozag
Hepliaklqana
Kikubaaqudgha
Makhleb
Nemelex Xobeh
Okawaru
Qazlal
Ru
Sif Muna
Trog
Uskayaw
Vehumet
Wu Jian
Xom
Yredelemnul
Zin
The Shining One
Beogh

Shops:
D:2 (   D:10 :(

Annotations:
D:12 exclusion: obsidian statue


Innate Abilities, Weirdness & Mutations

You have a pair of horns on your head.
You reflexively headbutt those who attack you in melee.


Message History

The naga sharpshooter spits poison at you.
The splash of poison misses you.
You hit the shock serpent. Your headbutt misses the shock serpent.
The shock serpent is lightly wounded.
You block the shock serpent's attack. x2
The naga sharpshooter gestures wildly while chanting.
The naga sharpshooter magically shoots an arrow.
The arrow barely misses you.
You closely miss the shock serpent.
The shock serpent is lightly wounded.
The shock serpent bites you but does no damage.
You slash the shock serpent! Your headbutt misses the shock serpent.
The shock serpent is moderately wounded.
The shock serpent's electric aura discharges, shocking you!
The shock serpent bites you but does no damage.
You barely miss the shock serpent. You headbutt the shock serpent!
The shock serpent is heavily wounded.
You slash the naga sharpshooter!
The shock serpent's electric aura discharges, shocking you!
The shock serpent shoots out a bolt of lightning at you!
The bolt of electricity hits you!! The bolt of electricity hits you!
The naga sharpshooter gestures wildly while chanting.
The naga sharpshooter magically shoots an arrow.
The arrow hits you!!
You closely miss the shock serpent. You headbutt the shock serpent!!
The shock serpent is almost dead.
You hit the naga sharpshooter.
Lightning courses through the naga sharpshooter!
The shock serpent's electric aura discharges, shocking you!
The shock serpent shoots out a bolt of lightning at you!
The bolt of electricity hits you! The bolt of electricity hits you!!
* * * LOW HITPOINT WARNING * * *
The naga sharpshooter casts a spell.
The naga sharpshooter magically shoots an arrow.
You reflect the arrow off your +1 kite shield of reflection!
The shock serpent shoots out a bolt of lightning at you!
The bolt of electricity hits you!
* * * LOW HITPOINT WARNING * * *
The bolt of electricity hits you!
You die...

......##...............#
......##...............#
..)...##....####.#######
......#....#####'###
......)....##......#
...........##......#
...........##......#
...........##......#
#############..S@..#
#...N..## .........#
.........# .........#
..######## .#


You could see a naga sharpshooter and a shock serpent.

Vanquished Creatures
  2 hydras
  3 naga warriors
  A boulder beetle (Lair:2)
  A centaur warrior (D:10)
  3 anacondas
  Erica (D:11)
  7 two-headed ogres
  A shock serpent (Snake:1)
  2 naga sharpshooters (Snake:1)
  3 naga ritualists
  A sea snake (Snake:1)
  2 mana vipers (Snake:1)
  2 ugly things (D:11)
  A salamander (Snake:1)
  A manticore (D:11)
  Maurice (D:11)
  3 elephants (Lair:2)
  A guardian serpent (Snake:1)
  10 black mambas
  2 naga magi (Snake:1)
  2 cane toads
  2 rime drakes (Lair:2)
  Maggie (D:10)
  Psyche (D:11)
  5 komodo dragons
  2 unseen horrors
  4 trolls
  A hornet (D:8)
  4 polar bears (Lair:1)
  11 blink frogs
  A meliai zombie (D:10)
  A shadow (D:9)
  A centaur simulacrum (D:12)
  A wraith (D:12)
  A vampire (D:12)
  13 yaks
  8 vampire mosquitoes
  2 steam dragons
  3 basilisks (Lair:2)
  2 wargs (Orc:2)
  9 nagas
  An acid dragon (D:11)
  Duvessa (D:5)
  8 water moccasins
  11 orc warriors
  3 ice beasts
  2 black bears (D:8)
  A sky beast (D:7)
  4 wolves (Lair:2)
  3 ogres
  2 centaurs
  A kobold brigand (D:8)
  6 bullfrogs
  A wyvern zombie (D:5)
  A scorpion (D:8)
  2 gnoll sergeants
  A water moccasin skeleton (D:6)
  12 wights
  Dowan (D:5)
  The ghost of reversiblehash the Magician, a weakling DsWz (D:3)
  2 electric eels
  3 centaur zombies
  A bullfrog zombie (D:5)
  A hound (D:6)
  18 orc priests
  A centaur skeleton (D:7)
  A jelly (D:4)
  6 iguanas
  A gnoll shaman (D:7)
  7 orc wizards
  A killer bee zombie (D:6)
  2 hound skeletons
  4 howler monkey zombies
  12 gnolls
  5 adders
  A white imp (D:8)
  An ufetubus (D:6)
  3 worms
  5 dart slugs
  48 orcs
  5 ball pythons
  5 endoplasms
  3 giant cockroaches (D:1)
  7 goblins
  10 hobgoblins
  3 jackals (D:4)
  16 kobolds
  A quokka (D:3)
  3 training dummies (D:10)
  3 bats
  2 frilled lizards
  2 rats (D:1)
368 creatures vanquished.

Vanquished Creatures (others)
  Erolcha (D:10)
  27 fungi
  76 plants
  3 toadstools (D:6)
107 creatures vanquished.

Grand Total: 475 creatures vanquished

Notes
Turn   | Place    | Note
-------+----------+-------------------------------------------
     0 | D:1      | cbfl8 the Minotaur Berserker began the quest for the Orb.
     0 | D:1      | Reached XP level 1. HP: 19/19 MP: 0/0
    78 | D:1      | Reached XP level 2. HP: 27/27 MP: 1/1
   192 | D:1      | Reached skill level 4 in Axes
   973 | D:2      | Reached XP level 3. HP: 30/33 MP: 2/2
  1187 | D:2      | Reached ** piety under Trog
  1288 | D:2      | Found Nusoh's Weapon Boutique.
  1617 | D:3      | Found a runed translucent door.
  1621 | D:3      | Noticed reversiblehash's ghost (weakling DsWz)
  1639 | D:3      | Killed reversiblehash's ghost
  1640 | D:3      | Reached XP level 4. HP: 35/41 MP: 3/3
  1709 | D:3      | Found a burning altar of Makhleb.
  2303 | D:3      | Reached skill level 5 in Axes
  2308 | D:3      | Reached XP level 5. HP: 47/47 MP: 4/4
  2720 | D:4      | Reached XP level 6. HP: 55/55 MP: 5/5
  2862 | D:4      | Reached skill level 5 in Fighting
  2864 | D:4      | Reached skill level 6 in Axes
  3118 | D:4      | Found a staircase to the Ecumenical Temple.
  3127 | Temple   | Entered the Ecumenical Temple
  3567 | D:5      | Entered Level 5 of the Dungeon
  3634 | D:5      | Reached skill level 5 in Armour
  3736 | D:5      | Found a bloodstained altar of Trog.
  3968 | D:5      | Noticed Duvessa
  3968 | D:5      | Noticed Dowan
  3982 | D:5      | Killed Duvessa
  3983 | D:5      | Reached skill level 7 in Axes
  3983 | D:5      | Reached XP level 7. HP: 61/61 MP: 6/6
  3983 | D:5      | Killed Dowan
  4624 | D:6      | Reached skill level 8 in Axes
  5093 | D:6      | Reached XP level 8. HP: 47/70 MP: 7/7
  5458 | D:6      | Found a sparkling altar of Nemelex Xobeh.
  5662 | D:6      | Reached skill level 1 in Stealth
  5992 | D:7      | Reached skill level 9 in Axes
  6289 | D:7      | Found an opulent altar of Gozag.
  6290 | D:7      | Found a shadowy altar of Dithmenos.
  6356 | D:7      | Reached skill level 1 in Shields
  6431 | D:7      | Reached skill level 10 in Axes
  6431 | D:7      | Reached XP level 9. HP: 78/78 MP: 8/8
  6439 | D:7      | Got the Guide on Evil and Flight
  6626 | D:7      | Reached *** piety under Trog
  7064 | D:8      | Found a sacrificial altar of Ru.
  7323 | D:8      | Noticed a two-headed ogre
  7332 | D:8      | Killed a two-headed ogre
  7333 | D:8      | Reached skill level 11 in Axes
  7662 | D:8      | Found a staircase to the Lair.
  7789 | D:8      | Reached XP level 10. HP: 76/86 MP: 9/9
  7791 | D:8      | Reached skill level 12 in Axes
  7907 | D:8      | Found a white marble altar of Elyvilon.
  8097 | D:8      | Found a glowing silver altar of Zin.
  8985 | D:9      | Found a blossoming altar of Fedhas.
  9108 | D:9      | Found a hazy altar of Hepliaklqana.
  9110 | D:9      | Found a shimmering altar of Xom.
  9256 | D:9      | Found a staircase to the Orcish Mines.
  9423 | D:9      | Found a white marble altar of Elyvilon.
  9423 | D:9      | Found a shimmering blue altar of Sif Muna.
  9626 | D:10     | Entered Level 10 of the Dungeon
  9627 | D:10     | Found Femuehod's Book Shoppe.
  9660 | D:10     | Reached skill level 10 in Armour
 10245 | D:10     | Noticed a two-headed ogre
 10251 | D:10     | Killed a two-headed ogre
 10305 | D:10     | Noticed Maggie
 10308 | D:10     | Killed Maggie
 10309 | D:10     | Reached skill level 13 in Axes
 10532 | D:10     | Noticed a centaur warrior
 10533 | D:10     | Noticed Erolcha
 10547 | D:10     | Killed Erolcha
 10551 | D:10     | Killed a centaur warrior
 10552 | D:10     | Reached XP level 11. HP: 97/97 MP: 10/10
 10894 | D:10     | Found a snail-covered altar of Cheibriados.
 11015 | D:10     | Found Feulun's Firing Range.
 11165 | D:11     | Noticed a two-headed ogre
 11166 | D:11     | Noticed Psyche
 11175 | D:11     | Killed a two-headed ogre
 11180 | D:11     | Killed Psyche
 11211 | D:11     | Noticed Maurice
 11220 | D:11     | Killed Maurice
 11384 | D:11     | Noticed a brown ugly thing
 11390 | D:11     | Killed a brown ugly thing
 11427 | D:11     | Noticed a two-headed ogre
 11439 | D:11     | Killed a two-headed ogre
 11615 | D:11     | Noticed Erica
 11635 | D:11     | Killed Erica
 11636 | D:11     | Reached skill level 14 in Axes
 11870 | D:11     | Reached skill level 10 in Fighting
 12180 | D:11     | Noticed a purple ugly thing
 12190 | D:11     | Killed a purple ugly thing
 12461 | D:12     | Noticed a two-headed ogre
 12467 | D:12     | Killed a two-headed ogre
 12535 | D:12     | Noticed a two-headed ogre
 12538 | D:12     | Killed a two-headed ogre
 12643 | D:12     | Noticed an obsidian statue
 12669 | D:12     | Noticed a two-headed ogre
 12683 | D:12     | Killed a two-headed ogre
 12895 | D:12     | Reached skill level 15 in Axes
 12895 | D:12     | Reached XP level 12. HP: 105/108 MP: 11/11
 12996 | D:12     | Reached skill level 5 in Shields
 13399 | Orc:1    | Entered Level 1 of the Orcish Mines
 13555 | Orc:1    | Found a radiant altar of Vehumet.
 13749 | Orc:2    | Entered Level 2 of the Orcish Mines
 13777 | Orc:2    | Reached **** piety under Trog
 13795 | Orc:2    | Noticed an ettin
 13948 | Lair:1   | Entered Level 1 of the Lair of Beasts
 14573 | Lair:1   | Noticed a four-headed hydra
 14583 | Lair:1   | Reached skill level 5 in Dodging
 14590 | Lair:1   | Killed an 11-headed hydra
 14591 | Lair:1   | Reached skill level 16 in Axes
 15073 | Lair:1   | Got Wus Zaat's Volume of Displaced Transformation
 16159 | Lair:2   | Noticed a five-headed hydra
 16185 | Lair:2   | Killed a 14-headed hydra
 16968 | Lair:2   | Noticed a boulder beetle
 16983 | Lair:2   | Reached XP level 13. HP: 119/119 MP: 12/12
 17446 | Lair:2   | Found a staircase to the Snake Pit.
 17664 | Snake:1  | Entered Level 1 of the Snake Pit
 17950 | Snake:1  | Reached skill level 17 in Axes
 18121 | Snake:1  | Reached skill level 15 in Armour
 20927 | Snake:2  | HP: 1/123 [shock serpent/bolt of electricity (17)]
 20927 | Snake:2  | Killed from afar by a shock serpent

Illustrated notes

Levels and vault maps discovered:
D:1:      kennysheep_arrival_forest, layout_loops_ring
D:2:      layout_rooms, serial_shops, nicolae_shop_statue_plus
D:3:      layout_basic, mainiacjoe_overflow_alcove_2, gammafunk_ghost_grave
D:4:      layout_cave_pools, minmay_temple_entry_nine_rooms
D:5:      layout_basic, mainiacjoe_overflow_brackets, minivault_27, uniq_duvessa
D:6:      layout_basic, marbit_many_paths, corexii_shack,
          minmay_gold_behind_fungi, chequers_big_river
D:7:      layout_rooms, minitemple, hex_tiny
D:8:      layout_basic, zin_scriptorium, grunt_lair_entry_orc_guard_hut,
          serial_bayou_pond_c, hangedman_feature_mirror, grunt_ministairs_2
D:9:      layout_irregular_city, regret_index_temple_of_mockery,
          mainiacjoe_overflow_paths, gammafunk_temple_overflow_statue,
          minmay_orc_entry_temple_small
D:10:     layout_basic, cheibrodos_worm_habitat, serial_shops,
          nicolae_shop_hallway_stairs, minivault_5, nicolae_shop_firing_range,
          uniq_erolcha, uniq_maggie
D:11:     layout_roguey, uniq_psyche, uniq_erica, uniq_maurice
D:12:     layout_roguey, minmay_statue_bubble
Temple:   eino_temple_lava
Lair:1:   layout_chaotic_city, serial_forest, infiniplex_forest_straight_4,
          infiniplex_forest_zigzag_2, infiniplex_forest_straight_1,
          infiniplex_forest_clump_diagonal, infiniplex_forest_end_1,
          infiniplex_forest_lined_ring, infiniplex_forest_lined_1,
          infiniplex_forest_lined_corner, serial_bayou_pond_e,
          cheibrodos_lair_lostbears
Lair:2:   layout_long_grid, guppyfry_snake_entry_island, serial_bayou_pond_b,
          serial_bayou_shore_a, grunt_megastairs_1, infiniplex_staircase_pool_2
Snake:1:  layout_gridlike, serial_bayou_pond_b, lemuel_fruit_tree,
          grunt_megastairs_2
Snake:2:  layout_grid_maze, minmay_shoptagon, uniq_vashnia, uniq_nikola
Orc:1:    layout_diamond_mine, basic_altar, uniq_harold
Orc:2:    st_orc_rangers, layout_caves, special_room, guppyfry_orc_lava_fort,
          uniq_azrael, uniq_donald

Skill      XL: |  1  2  3  4  5  6  7  8  9 10 11 12 13 |
---------------+----------------------------------------+-----
Fighting       | 4 5 6 7 9 10 12 13 | 13.8
Axes           | 4 5 7 8 10 11 13 15 16 17 | 17.5
Armour         | 3 4 5 6 7 9 11 13 14 15 | 15.6
Dodging        | 3 4 5 6 |  6.2
Stealth        | 1 2 3 |  3.0
Shields        | 1 2 4 5 7 |  7.4

Action                   |  1- 3 |  4- 6 |  7- 9 | 10-12 | 13-15 || total
-------------------------+-------+-------+-------+-------+-------++-------
Melee: Hand axe          |    88 |    44 |       |       |       ||   132
       Headbutt          |    13 |    11 |    30 |   101 |    36 ||   191
       Punch             |     2 |     4 |       |       |       ||     6
       War axe           |       |    54 |   144 |   418 |   152 ||   768
       Scimitar          |       |       |       |     5 |       ||     5
Invok: Berserk           |     1 |     5 |     4 |    11 |     6 ||    27
       Trog's Hand       |       |     2 |     3 |     6 |     2 ||    13
Evoke: Piece from Xom's  |       |       |       |       |     1 ||     1
  Use: Scroll            |       |     1 |       |    10 |    11 ||    22
       Potion            |       |       |       |       |     6 ||     6
Armor: Animal skin       |     2 |       |       |       |       ||     2
       Chain mail        |    32 |    76 |    61 |   287 |    58 ||   514
Dodge: Dodged            |    47 |    58 |   109 |   262 |    86 ||   562
Block: Buckler           |       |       |    21 |    89 |    20 ||   130
       Kite shield       |       |       |       |       |    33 ||    33
       Reflection        |       |       |       |       |     3 ||     3
